 Dungeon Crawl Stone Soup version 0.30-a0-335-ge5acde7520 (webtiles) character file.

Game seed: 17409451804981542110

2714 billz999 the Skirmisher (level 9, -12/68 (71) HPs)
             Began as a Gnoll Hunter on Oct 30, 2022.
             Was an Initiate of Kikubaaqudgha.
             Mangled by a manticore (14 damage)
             ... on level 7 of the Dungeon.
             The game lasted 00:13:19 (5981 turns).

billz999 the Skirmisher (Gnoll Hunter)              Turns: 5981, Time: 00:13:19

HP:   -12/68 (71)   AC:  4    Str: 10    XL:     9   Next: 66%
MP:   15/15         EV: 19    Int: 13    God:    Kikubaaqudgha [......]
Gold: 194           SH:  0    Dex: 18    Spells: 17/17 levels left

rFire   + . .      SeeInvis .    b - +2 dagger (venom)
rCold   . . .      Faith    .    (no shield)
rNeg    + . .      Spirit   .    x - +1 leather armour {rF+}
rPois   .          Reflect  .    (no helmet)
rElec   .          Harm     .    (no cloak)
rCorr   .          Rampage  .    (no gloves)
Will    .....                    (no boots)
Stlth   +++.......               (no amulet)
HPRegen 0.31/turn                E - +4 ring of evasion
MPRegen 0.14/turn                n - ring of positive energy

@: spiked, lightly drained
A: fangs 1, strong nose, distributed training, clever 1
a: Renounce Religion


You were on level 7 of the Dungeon.
You worshipped Kikubaaqudgha.
Kikubaaqudgha was noncommittal.
You visited 2 branches of the dungeon, and saw 7 of its levels.

You collected 194 gold pieces.

Inventory:

Hand Weapons
 a - a +0 shortbow
 b - a +2 dagger of venom (weapon)
 A - a +1 war axe of flaming
 F - a +4 war axe
Missiles
 p - 2 throwing nets
 u - 12 poisoned darts
Armour
 c - a +0 leather armour
 x - a +1 leather armour of fire resistance (worn)
Magical Staves
 G - a staff of earth
Jewellery
 n - a ring of positive energy (right hand)
 E - a +4 ring of evasion (left hand)
Wands
 D - a wand of charming (2)
Scrolls
 e - a scroll of enchant weapon {unknown}
 h - a scroll of fear
 j - a scroll of poison
 l - 3 scrolls of teleportation {unknown}
 q - a scroll of enchant armour {unknown}
 s - 2 scrolls of identify {unknown}
 t - a scroll of fog {unknown}
 v - a scroll of torment {unknown}
 w - a scroll of immolation
 y - a scroll of noise {unknown}
Potions
 d - a potion of lignification
 f - a potion of ambrosia
 g - 2 potions of flight
 i - a potion of brilliance
 k - a potion of might {unknown}
 o - a potion of mutation
 r - 2 potions of attraction {unknown}
 z - 2 potions of degeneration {unknown}
 B - a potion of berserk rage {unknown}
 C - 2 potions of curing {unknown}


   Skills:
 + Level 6.6 Fighting
 + Level 4.6 Short Blades
 + Level 4.6 Long Blades
 + Level 4.6 Axes
 + Level 4.6 Maces & Flails
 + Level 4.6 Polearms
 + Level 4.6 Staves
 + Level 9.8 Ranged Weapons
 + Level 4.6 Throwing
 + Level 4.6 Armour
 + Level 6.6 Dodging
 + Level 5.2 Stealth
 + Level 4.6 Shields
 + Level 4.6 Unarmed Combat
 + Level 4.6 Spellcasting
 + Level 3.8 Conjurations
 + Level 3.8 Hexes
 + Level 3.8 Summonings
 + Level 3.8 Necromancy
 + Level 3.8 Translocations
 + Level 3.8 Transmutations
 + Level 3.8 Fire Magic
 + Level 3.8 Ice Magic
 + Level 3.8 Air Magic
 + Level 3.8 Earth Magic
 + Level 3.8 Poison Magic
 + Level 5.1 Invocations
 + Level 4.6 Evocations


You had 17 spell levels left.
You didn't know any spells.
Your spell library contained the following spells:

 Spells                   Type           Power      Damage    Failure   Level
 Inner Flame              Hex/Fire       13%        N/A       16%         3
 Flame Wave               Conj/Fire      13%        2d6       45%         4
 Sticky Flame             Conj/Fire      13%        2d4       45%         4


Dungeon Overview and Level Annotations

Branches:
Dungeon (7/15)             Temple (1/1) D:6

Altars:
Elyvilon
Fedhas
Gozag
Hepliaklqana
Kikubaaqudgha
Nemelex Xobeh
Ru
Sif Muna
Uskayaw
Xom

Shops:
D:2 ?

Annotations:
D:7 exclusion: 4 oklob plants


Innate Abilities, Weirdness & Mutations

You have very sharp teeth.
Your uncanny sense of smell can sniff out nearby items.
Your experience applies equally to all skills.
Your mind is acute. (Int +4, Str/Dex -1)


Message History

Fire: a) +0 shortbow
Press: ? - help, Shift-Dir - straight line, f/p - manticore
Aim: a manticore (severely wounded, 77% to hit)
You shoot an arrow. The arrow hits the manticore!
The manticore is severely wounded.
The manticore flicks its tail.
The volley of spikes misses you.
You feel much better.
The manticore flicks its tail.
The volley of spikes misses you.
Fire: a) +0 shortbow
Press: ? - help, Shift-Dir - straight line, f/p - manticore
Aim: a manticore (severely wounded, 77% to hit)
You shoot an arrow. The arrow hits the manticore.
The manticore is severely wounded.
Unknown command.
Your +2 dagger of venom begins to drip with poison!
b - a +2 dagger of venom (weapon)
The manticore bites you! The manticore claws you!
* * * LOW HITPOINT WARNING * * *
The manticore closely misses you.
You hit the manticore.
The manticore is poisoned.
You bite the manticore, but do no damage.
The manticore is almost dead.
The manticore completely misses you. The manticore claws you.
* * * LOW HITPOINT WARNING * * *
The manticore claws you.
* * * LOW HITPOINT WARNING * * *
You hit the manticore but do no damage. Your bite misses the manticore.
The manticore is almost dead.
You closely miss the manticore.
The manticore is almost dead.
The manticore closely misses you. The manticore misses you.
The manticore claws you!
* * * LOW HITPOINT WARNING * * *
It was a potion of mutation.
You feel extremely strange.
You feel clever. The manticore bites you!
You die...
Kikubaaqudgha rasps: "You have failed me!
Welcome... death!"

#. ∆......... ..
##.####..#....#
...##..#........#..
...#.............##
...........<(.....#
...................
.........)........#
......H..........##
.:.....@........##
...........##.#...
...................
.............".####
..##...........# .
##....#.^...
..####..... ..#
.....


You could see a manticore (very poisoned).

Vanquished Creatures
  Sigmund (D:5)
  Eustachio (D:5)
  A steam dragon (D:6)
  2 black bears
  An ice beast (D:6)
  3 sky beasts (D:6)
  A centaur (D:5)
  2 ogres (D:5)
  2 phantoms
  A kobold brigand (D:6)
  3 bullfrogs (D:6)
  2 scorpions
  A necrophage (D:5)
  9 wights
  A crimson imp (D:6)
  A jelly (D:5)
  4 hounds
  2 orc priests (D:5)
  An orc wizard (D:6)
  Robin (D:2)
  4 gnolls (D:2)
  9 adders
  4 white imps
  5 worms
  A dart slug (D:3)
  8 orcs
  6 endoplasms
  4 giant cockroaches
  8 hobgoblins
  3 jackals (D:1)
  5 quokkas
  7 ball pythons
  5 bats
  6 frilled lizards
  14 goblins
  10 kobolds
  5 rats
144 creatures vanquished.

Notes
Turn   | Place    | Note
-------+----------+-------------------------------------------
     0 | D:1      | billz999 the Gnoll Hunter began the quest for the Orb.
     0 | D:1      | Reached XP level 1. HP: 20/20 MP: 1/1
   112 | D:1      | Reached XP level 2. HP: 26/26 MP: 2/2
   619 | D:1      | Reached XP level 3. HP: 31/31 MP: 3/3
   757 | D:2      | Reached skill level 1 in Invocations
   788 | D:2      | Noticed Robin
   800 | D:2      | Reached skill level 1 in Short Blades
   800 | D:2      | Reached skill level 1 in Long Blades
   800 | D:2      | Reached skill level 1 in Axes
   800 | D:2      | Reached skill level 1 in Maces & Flails
   800 | D:2      | Reached skill level 1 in Polearms
   800 | D:2      | Reached skill level 1 in Staves
   800 | D:2      | Reached skill level 1 in Throwing
   800 | D:2      | Reached skill level 1 in Armour
   800 | D:2      | Reached skill level 1 in Shields
   800 | D:2      | Reached skill level 1 in Unarmed Combat
   800 | D:2      | Reached skill level 1 in Spellcasting
   800 | D:2      | Reached skill level 1 in Evocations
   810 | D:2      | Killed Robin
   811 | D:2      | Reached XP level 4. HP: 16/38 MP: 5/5
  1021 | D:2      | Found a faded altar of an unknown god.
  1084 | D:2      | Reached skill level 1 in Conjurations
  1084 | D:2      | Reached skill level 1 in Hexes
  1084 | D:2      | Reached skill level 1 in Summonings
  1084 | D:2      | Reached skill level 1 in Necromancy
  1084 | D:2      | Reached skill level 1 in Translocations
  1084 | D:2      | Reached skill level 1 in Transmutations
  1084 | D:2      | Reached skill level 1 in Fire Magic
  1084 | D:2      | Reached skill level 1 in Ice Magic
  1084 | D:2      | Reached skill level 1 in Air Magic
  1084 | D:2      | Reached skill level 1 in Earth Magic
  1084 | D:2      | Reached skill level 1 in Poison Magic
  1100 | D:2      | Noticed a scorpion
  1104 | D:2      | Killed a scorpion
  1105 | D:2      | Reached XP level 5. HP: 43/43 MP: 5/7
  1320 | D:2      | Found Basafud's Magic Scroll Boutique.
  1853 | D:3      | Reached XP level 6. HP: 50/50 MP: 8/8
  1897 | D:3      | Found a shimmering altar of Xom.
  2074 | D:3      | Reached skill level 5 in Fighting
  2074 | D:3      | Reached skill level 5 in Dodging
  2074 | D:3      | You fall into a shaft and drop 2 floors!
  2074 | D:5      | Entered Level 5 of the Dungeon
  2315 | D:5      | Noticed Eustachio
  2347 | D:5      | Killed Eustachio
  2348 | D:5      | Reached XP level 7. HP: 21/56 MP: 10/10
  2555 | D:5      | Reached skill level 9 in Ranged Weapons
  2956 | D:5      | Found a sparkling altar of Nemelex Xobeh.
  2969 | D:5      | Became a worshipper of Nemelex Xobeh the Trickster
  3012 | D:5      | Reached XP level 8. HP: 37/63 MP: 12/12
  3211 | D:5      | Noticed Sigmund
  3366 | D:5      | Killed Sigmund
  4206 | D:6      | Reached XP level 9. HP: 47/69 MP: 14/14
  4828 | D:6      | Reached skill level 5 in Stealth
  5066 | D:6      | Found a staircase to the Ecumenical Temple.
  5077 | Temple   | Entered the Ecumenical Temple
  5106 | Temple   | Fell from the grace of Nemelex Xobeh
  5106 | Temple   | Became a worshipper of Kikubaaqudgha
  5191 | D:6      | Found a white marble altar of Elyvilon.
  5453 | D:7      | Noticed a manticore
  5454 | D:7      | Noticed an oklob plant
  5454 | D:7      | Noticed an oklob plant
  5454 | D:7      | Noticed a wandering mushroom
  5454 | D:7      | Noticed an oklob plant
  5454 | D:7      | Noticed an oklob plant
  5454 | D:7      | Noticed a wandering mushroom
  5681 | D:6      | Reached skill level 5 in Invocations
  5980 | D:7      | HP: 2/68 [manticore (7)]
  5981 | D:7      | Gained mutation: Your mind is acute. (Int +4, Str/Dex -1)
                  | [potion of mutation]
  5981 | D:7      | Mangled by a manticore

Illustrated notes

Levels and vault maps discovered:
D:1:      heliophobic_arrival_henge, layout_loops_ring,
          chequers_serial_rivers_room_a, nicolae_wormholes
D:2:      layout_basic, basic_ecumenical_altar, serial_shops,
          nicolae_shop_hallway_stairs, serial_glass, glass_columns_a,
          glass_columns_b, glass_columns_a, uniq_robin
D:3:      layout_rooms, tgw_xom
D:5:      layout_loops_corners, nemelex_xobeh_ov_fountains_minmay, uniq_sigmund,
          uniq_eustachio
D:6:      layout_basic, elyvilon_altar_5, minmay_temple_entry_statues_pillars,
          mumra_transporter_accident, roderic_lattice_a, st_stairs_1,
          minmay_fire_ice_demons
D:7:      layout_rooms
Temple:   dshaligram_water_room_temple

Skill      XL: |  1  2  3  4  5  6  7  8  9 |
---------------+----------------------------+-----
Invocations    | 1 2 3 4 5 |  5.1
Short Blades   | 1 2 3 4 |  4.6
Long Blades    | 1 2 3 4 |  4.6
Axes           | 1 2 3 4 |  4.6
Maces & Flails | 1 2 3 4 |  4.6
Polearms       | 1 2 3 4 |  4.6
Staves         | 1 2 3 4 |  4.6
Throwing       | 1 2 3 4 |  4.6
Armour         | 1 2 3 4 |  4.6
Shields        | 1 2 3 4 |  4.6
Unarmed Combat | 1 2 3 4 |  4.6
Spellcasting   | 1 2 3 4 |  4.6
Evocations     | 1 2 3 4 |  4.6
Conjurations   | 1 2 3 |  3.8
Hexes          | 1 2 3 |  3.8
Summonings     | 1 2 3 |  3.8
Necromancy     | 1 2 3 |  3.8
Translocations | 1 2 3 |  3.8
Transmutations | 1 2 3 |  3.8
Fire Magic     | 1 2 3 |  3.8
Ice Magic      | 1 2 3 |  3.8
Air Magic      | 1 2 3 |  3.8
Earth Magic    | 1 2 3 |  3.8
Poison Magic   | 1 2 3 |  3.8
Stealth        | 3 4 5 |  5.2
Fighting       | 5 6 |  6.6
Dodging        | 5 6 |  6.6
Ranged Weapons | 9 |  9.8

Action                   |  1- 3 |  4- 6 |  7- 9 || total
-------------------------+-------+-------+-------++-------
Melee: Dagger            |       |    16 |    90 ||   106
       Bite              |       |     1 |    16 ||    17
       Unarmed           |       |       |     1 ||     1
       Punch             |       |       |     4 ||     4
       War axe           |       |       |    21 ||    21
 Fire: Shortbow          |   110 |   154 |   176 ||   440
Evoke: Wand              |       |     5 |     3 ||     8
  Use: Potion            |       |     1 |     7 ||     8
       Scroll            |       |     1 |     1 ||     2
Armor: Leather armour    |     5 |    16 |    28 ||    49
       Skin              |       |    39 |       ||    39
Dodge: Dodged            |    24 |    54 |   161 ||   239

Table legend: (Time is in decaauts)
 A = Elapsed time spent in this place.
 B = Non-inter-level travel time spent in this place.
 C = Inter-level travel time spent in this place.
 D = Time resting spent in this place.
 E = Time spent auto-exploring this place.
 F = Levels seen in this place.
 G = Mean time per level.
                   A        B        C        D        E       F      G
               +--------+--------+--------+--------+--------+-----+--------+
         Total |   5999 |   5767 |    232 |    686 |   4128 |   7 |  857.0 |
       Dungeon |   5960 |   5751 |    209 |    686 |   4120 |   6 |  993.3 |
        Temple |     38 |     15 |     23 |      0 |      8 |   1 |   38.0 |
               +--------+--------+--------+--------+--------+-----+--------+

Top non-repeatable levels by time:
     D:6: 1900 daAuts
     D:5: 1895 daAuts
     D:2: 1014 daAuts
     D:1: 754 daAuts
     D:3: 332 daAuts
     D:7: 62 daAuts
  Temple: 38 daAuts
